 Dungeon Crawl Stone Soup version 0.28.0-43-g3370ac3207 (webtiles) character file.

Game seed: 8176157763244927393

11596 themarg the Zephyrmancer (level 11, 0/60 HPs)
             Began as a Tengu Air Elementalist on Mar 1, 2022.
             Was a Believer of Vehumet.
             Shot with an arrow by a centaur warrior (21 damage)
             ... on level 11 of the Dungeon.
             The game lasted 01:08:28 (17180 turns).

themarg the Zephyrmancer (Tengu Air Elementalist)  Turns: 17180, Time: 01:08:28

Health: 0/60       AC:  4    Str:  9    XL:     11   Next: 80%
Magic:  13/23      EV: 22    Int: 19    God:    Vehumet [**....]
Gold:   784        SH:  0    Dex: 21    Spells: 18/25 levels left

rFire   . . .      SeeInvis .   e - +2 dagger (speed)
rCold   . . .      Faith    .   (no shield)
rNeg    . . .      Spirit   .   a - +0 robe
rPois   .          Reflect  .   (helmet restricted)
rElec   .          Harm     .   E - +0 cloak
rCorr   .          Rampage  .   p - +0 pair of gloves
Will    .....                   (boots unavailable)
Stlth   ++++......              B - amulet of magic regeneration
HPRegen 0.20/turn               x - +6 ring of dexterity
MPRegen 0.58/turn               (no ring)

@: flying quickly and evasively, quick
A: beak, talons 3, nimble flight
a: Renounce Religion


You were on level 11 of the Dungeon.
You worshipped Vehumet.
Vehumet was pleased with you.
You visited 2 branches of the dungeon, and saw 12 of its levels.
You also visited: Gauntlet.

You collected 784 gold pieces.

Inventory:

Hand Weapons
 c - a +0 hand axe
 e - a +2 dagger of speed (weapon)
 g - a +6 double sword
Missiles
 j - 4 throwing nets
 r - 12 javelins
 z - 6 silver javelins
 H - 4 curare-tipped darts
 J - 2 atropa-tipped darts
Armour
 a - a +0 robe (worn)
 p - a +0 pair of gloves (worn)
 E - a +0 cloak (worn)
Jewellery
 q - an amulet of faith
 x - a +6 ring of dexterity (left hand)
 B - an amulet of magic regeneration (around neck)
 C - a ring of protection from cold
 F - a ring of magical power
 K - a ring of positive energy
Wands
 v - a wand of polymorph (21)
 y - a wand of flame (40)
 D - a wand of acid (22)
 G - a wand of paralysis (4)
Scrolls
 f - 8 scrolls of teleportation
 k - 2 scrolls of silence
 o - 2 scrolls of vulnerability
 s - 4 scrolls of magic mapping {unknown}
 u - a scroll of fear
 N - a scroll of enchant armour
 P - a scroll of fog {unknown}
Potions
 b - 6 potions of curing
 d - a potion of resistance {unknown}
 h - 3 potions of berserk rage
 i - 4 potions of heal wounds
 l - 3 potions of cancellation
 m - 5 potions of mutation
 n - a potion of might {unknown}
 t - a potion of degeneration {unknown}
 w - 2 potions of magic
 A - a potion of lignification {unknown}
 I - 2 potions of brilliance
 L - a potion of ambrosia {unknown}
 M - a potion of invisibility {unknown}
 O - 2 potions of haste {unknown}


   Skills:
 + Level 3.8 Fighting
 - Level 9.1 Dodging
 - Level 9.1 Stealth
 - Level 7.6 Spellcasting
 - Level 10.6 Conjurations
 - Level 11.3 Air Magic


You had 18 spell levels left.
You knew the following spells:

 Your Spells              Type           Power      Damage    Failure   Level
a - Shock                 Conj/Air       100%       1d9       1%          1
b - Static Discharge      Conj/Air       49%        N/A       1%          2
c - Airstrike             Air            25%        N/A       1%          4

Your spell library contained the following spells:

 Spells                   Type           Power      Damage    Failure   Level
 Scorch                   Fire           14%        2d5       14%         2
 Swiftness                Air            50%        N/A       1%          3
 Ozocubu's Armour         Ice            7%         N/A       28%         3
 Animate Dead             Necr           3%         N/A       67%         4
 Haunt                    Necr/Summ      3%         N/A       100%        7
 Ozocubu's Refrigeration  Ice            3%         4d5       100%        7
 Infestation              Necr           3%         N/A       100%        8


Dungeon Overview and Level Annotations

Branches:
Dungeon (11/15)            Temple (1/1) D:6            Lair (0/6) D:11
Gauntlet (visited)
    Orc: D:9-12

Altars:
Ashenzari
Cheibriados
Dithmenos
Elyvilon
Fedhas
Gozag
Makhleb
Nemelex Xobeh
Okawaru
Qazlal
Sif Muna
Trog
Uskayaw
Vehumet
Wu Jian
Xom
Zin
The Shining One

Shops:
D:1 !

Annotations:
D:6 1 runed translucent door, smarlow's ghost, novice MiFi
D:8 1 runed translucent door, Zonian's ghost, novice DsVM
D:10 exclusions: door and 1 more exclusion


Innate Abilities, Weirdness & Mutations

You have a beak for a mouth.
You have claws for feet.
Your magical nature lets you fly swiftly and evasively.


Message History

Aim: a centaur warrior zombie (almost destroyed, empty space bonus: 6/8)
The air twists around and strikes the centaur warrior zombie!
You destroy the centaur warrior zombie!
Vehumet accepts your kill.
You feel your power returning.
You start resting.
Magic restored.
The centaur warrior shouts!
The centaur warrior wields a +0 shortbow.
The centaur warrior shoots an arrow.
The arrow misses you.
You see here a +0 hand axe.
You see here a +0 leather armour.
Casting: Airstrike (dangerous; 1% risk of failure)
Confirm with . or Enter, or press ? or * to list all spells.
Aiming: Airstrike (dangerous; 1% risk of failure)
Press: ? - help, Dir - move target, f - centaur warrior
Aim: a centaur warrior, wielding a +0 shortbow and quivering arrows (empty space bonus: 5/8)
The air twists around and strikes the centaur warrior!
The centaur warrior is moderately wounded.
The centaur warrior shoots an arrow.
The arrow completely misses you.
The centaur warrior shoots an arrow.
The arrow hits you.
Casting: Airstrike (dangerous; 1% risk of failure)
Confirm with . or Enter, or press ? or * to list all spells.
Aiming: Airstrike (dangerous; 1% risk of failure)
Press: ? - help, Dir - move target, f/p - centaur warrior
Aim: a centaur warrior, wielding a +0 shortbow and quivering arrows (moderately wounded, empty space bonus: 5/8)
The air twists around and strikes the centaur warrior!
The centaur warrior is heavily wounded.
The centaur warrior shoots an arrow.
The arrow hits you!!
Casting: Airstrike (dangerous; 1% risk of failure)
Confirm with . or Enter, or press ? or * to list all spells.
Aiming: Airstrike (dangerous; 1% risk of failure)
Press: ? - help, Dir - move target, f/p - centaur warrior
Aim: a centaur warrior, wielding a +0 shortbow and quivering arrows (heavily wounded, empty space bonus: 5/8)
The air twists around and strikes the centaur warrior!
The centaur warrior is severely wounded.
The centaur warrior shoots an arrow.
The arrow barely misses you.
The centaur warrior shoots an arrow.
The arrow hits you!
The centaur warrior shoots an arrow.
The arrow hits you!!
You die...

#.# #..#######.# #...# #.#
#..........###...### #.#
#..#########.......### ##.#
#..# #...........>... ...#
#..# #.####.......### .#####
#..####.# ###<..### .....#
#...)...# #...# ####.#
####c..[.### ##.## # #.#
#....###@# #.# # #.# #.####
#.# #.# # #.# #.# #.# #.# #
#.####.#### #.#########.# #
#.#.......# #.##........#
#.#.#####.###.##.###########
#.#.# #.##...#.#########.##
#.#.# #....#..............#
#>.<# #..#...######...##.###


You could see a centaur warrior.

Vanquished Creatures
  Erolcha (D:10)
  Harold (D:10)
  3 two-headed ogres
  Urug (D:10)
  Sonja (D:10)
  2 cyclopes (D:11)
  A manticore (D:11)
  Psyche (D:10)
  Prince Ribbit (D:8)
  5 trolls
  A slime creature (D:11)
  A shadow (D:11)
  A vampire (D:10)
  A yak (D:11)
  2 steam dragons
  2 water moccasins
  A sky beast (D:6)
  3 ice beasts
  3 orc warriors
  2 ogres
  A black bear (D:5)
  2 necrophages
  A centaur (D:11)
  A phantom (D:7)
  A kobold brigand (D:8)
  3 bullfrogs (D:7)
  A scorpion (D:6)
  A gnoll sergeant (D:8)
  A water moccasin zombie (D:5)
  A wyvern skeleton (D:6)
  8 wights
  A troll skeleton (D:10)
  3 spriggan skeletons (D:10)
  5 howler monkeys
  3 bullfrog zombies (D:6)
  A crimson imp (D:8)
  3 centaur zombies
  A jelly (D:6)
  4 orc priests
  A centaur skeleton (D:6)
  Crazy Yiuf (D:3)
  2 bullfrog skeletons
  2 gnoll shamans
  3 iguanas
  7 orc wizards
  A howler monkey zombie (D:9)
  A howler monkey skeleton (D:7)
  9 gnolls
  9 adders
  A shadow imp (D:5)
  2 ufetubi
  2 worms
  2 dart slugs (D:2)
  26 orcs
  3 bats
  3 endoplasms
  3 giant cockroaches
  7 goblins
  6 hobgoblins
  A jackal (D:1)
  10 kobolds
  4 quokkas
  3 ball pythons
  5 frilled lizards
  6 rats
  A spectral goblin (D:3)
197 creatures vanquished.

Vanquished Creatures (others)
  A demonic plant (Gauntlet)
1 creature vanquished.

Grand Total: 198 creatures vanquished

Notes
Turn   | Place    | Note
-------+----------+-------------------------------------------
     0 | D:1      | themarg the Tengu Air Elementalist began the quest for the
                  | Orb.
     0 | D:1      | Reached XP level 1. HP: 10/10 MP: 4/4
   247 | D:1      | Found Muelyevo's Distillery.
   326 | D:1      | Reached XP level 2. HP: 15/15 MP: 4/6
  1047 | D:2      | Reached XP level 3. HP: 19/19 MP: 4/7
  1206 | D:2      | You fall into a shaft and drop 1 floor!
  1903 | D:2      | Reached XP level 4. HP: 15/24 MP: 1/8
  2570 | D:3      | Found a faded altar of an unknown god.
  2795 | D:3      | HP: 1/24 [poisoned by an adder]
  3084 | D:3      | Learned a level 2 spell: Static Discharge
  3221 | D:3      | Gained mutation: Your magical nature lets you fly swiftly
                  | and evasively. [Tengu growth]
  3221 | D:3      | Reached XP level 5. HP: 27/28 MP: 7/9
  3384 | D:3      | Found a broken altar of Ashenzari.
  3526 | D:3      | Found a runed translucent door.
  3527 | D:3      | Noticed Crazy Yiuf
  3901 | D:4      | Reached skill level 5 in Air Magic
  4498 | D:4      | Reached XP level 6. HP: 29/32 MP: 5/11
  4766 | D:5      | Entered Level 5 of the Dungeon
  4780 | D:5      | Noticed a water moccasin
  4788 | D:5      | Killed a water moccasin
  5002 | D:5      | Noticed a black bear
  5010 | D:5      | Killed a black bear
  5111 | D:5      | Reached XP level 7. HP: 36/36 MP: 5/13
  5513 | D:5      | Reached skill level 6 in Air Magic
  6045 | D:5      | Reached skill level 5 in Conjurations
  6334 | D:5      | Learned a level 4 spell: Airstrike
  6504 | D:6      | Reached XP level 8. HP: 39/41 MP: 7/15
  6558 | D:6      | Found a staircase to the Ecumenical Temple.
  6699 | Temple   | Entered the Ecumenical Temple
  6724 | Temple   | Became a worshipper of Vehumet
  6991 | D:6      | Found a runed translucent door.
  6991 | D:6      | Noticed smarlow's ghost (novice MiFi)
  7106 | D:6      | Reached skill level 5 in Dodging
  7570 | D:6      | Reached skill level 5 in Stealth
  7679 | D:6      | Found a bloodstained altar of Trog.
  7690 | D:6      | Reached skill level 7 in Air Magic
  8485 | D:7      | Reached XP level 9. HP: 45/45 MP: 4/17
  8592 | D:7      | Reached skill level 5 in Spellcasting
  8901 | D:7      | Reached skill level 8 in Air Magic
  9591 | D:7      | Found a white marble altar of Elyvilon.
  9600 | D:7      | Found an opulent altar of Gozag.
 10012 | D:8      | Reached * piety under Vehumet
 10012 | D:8      | Offered knowledge of Freeze by Vehumet.
 11072 | D:8      | Noticed a +0 falchion
 11077 | D:8      | Noticed Prince Ribbit
 11089 | D:8      | Killed Prince Ribbit
 11169 | D:8      | Noticed a +0 falchion
 11169 | D:8      | Noticed a +0 spear
 11169 | D:8      | Noticed a +0 short sword
 11169 | D:8      | Noticed a +0 spear
 11169 | D:8      | Noticed a +0 short sword
 11169 | D:8      | Noticed a +0 dagger
 11169 | D:8      | Noticed a +0 dagger
 11188 | D:8      | Found a hide-covered altar of Uskayaw.
 11243 | D:8      | Reached skill level 9 in Air Magic
 11382 | D:8      | Reached XP level 10. HP: 50/50 MP: 2/19
 11921 | D:8      | Found a runed translucent door.
 11925 | D:8      | Found a shimmering altar of Xom.
 11925 | D:8      | Noticed Zonian's ghost (novice DsVM)
 11926 | D:8      | Noticed a +0 rapier of chaos
 12011 | D:8      | Found a burning altar of Makhleb.
 12234 | D:3      | Killed Crazy Yiuf
 12427 | D:9      | Noticed a two-headed ogre
 13695 | D:8      | Killed a two-headed ogre
 13782 | D:10     | Entered Level 10 of the Dungeon
 13797 | D:10     | Noticed Harold
 13863 | D:10     | Noticed Erolcha
 13869 | D:10     | Killed Erolcha
 13911 | D:10     | Found a glowing silver altar of Zin.
 13972 | D:10     | Noticed a two-headed ogre
 13976 | D:10     | Killed a two-headed ogre
 13976 | D:10     | Offered knowledge of Scorch by Vehumet.
 13977 | D:10     | Reached skill level 10 in Air Magic
 14044 | D:10     | Noticed a two-headed ogre
 14048 | D:10     | Killed a two-headed ogre
 14083 | D:10     | Reached XP level 11. HP: 54/54 MP: 2/22
 14263 | D:10     | Reached ** piety under Vehumet
 14573 | D:10     | Noticed Sonja
 14575 | D:10     | Killed Sonja
 14577 | D:10     | Noticed Psyche
 14580 | D:10     | Killed Psyche
 14581 | D:10     | Reached skill level 10 in Conjurations
 14809 | D:10     | Noticed Urug
 14812 | D:10     | Killed Harold
 15122 | D:10     | Reached skill level 11 in Air Magic
 15161 | D:10     | Killed Urug
 15619 | D:11     | Found a staircase to the Lair.
 15633 | D:11     | Noticed a manticore
 15668 | D:11     | Noticed a cyclops
 15669 | D:11     | Noticed a boulder beetle
 15689 | D:11     | Killed a cyclops
 15745 | D:11     | Killed a manticore
 16004 | D:11     | Found a gate leading to a gauntlet.
 16013 | Gauntlet | Entered a Gauntlet
 16013 | Gauntlet | Found a transporter.
 16023 | Gauntlet | Found a transporter.
 16023 | Gauntlet | Found a transporter.
 16024 | Gauntlet | Found a transporter.
 16035 | Gauntlet | Found a transporter.
 16036 | Gauntlet | Found a transporter.
 16038 | Gauntlet | Noticed a moth of wrath
 16042 | Gauntlet | Identified the +1 ring mail of the Meadowlark {rElec rPois
                  | Stlth-}
 16042 | Gauntlet | Noticed a minotaur
 16044 | Gauntlet | Found a transporter.
 16047 | Gauntlet | Found a transporter.
 16048 | Gauntlet | Found a transporter.
 16056 | Gauntlet | Found a transporter.
 16059 | Gauntlet | Found a transporter.
 16060 | Gauntlet | Found a transporter.
 16062 | Gauntlet | Noticed a cacodemon
 16071 | Gauntlet | Found a transporter.
 16119 | Gauntlet | Found a transporter.
 16540 | D:11     | Noticed a cyclops
 16665 | D:11     | Reached skill level 1 in Fighting
 16679 | D:11     | Killed a cyclops
 17011 | D:11     | Noticed a centaur warrior
 17180 | D:11     | Shot with an arrow by a centaur warrior

Illustrated notes

Levels and vault maps discovered:
D:1:      minmay_arrival_widening_spiral_wide, layout_loops_ring, serial_shops,
          nicolae_shop_waterfront, minmay_tripent
D:2:      layout_basic
D:3:      minmay_bubble_buster, layout_basic, mainiacjoe_overflow_24_doors,
          dreamdust_ecumenical_altar_drowned_temple, uniq_crazy_yiuf_cottage
D:4:      layout_loops_ring
D:5:      layout_basic
D:6:      layout_basic, mainiacjoe_overflow_alcove_2,
          minmay_temple_entry_junction_2, gammafunk_ghost_grave, st_stairs_8,
          minivault_23, palyth_stone_intersect
D:7:      layout_cave_pools, mainiacjoe_overflow_big_doors
D:8:      layout_loops_cross, nicolae_uskayaw_en_pointe, makhleb_grotto_becter,
          ebering_ghost_xom, uniq_prince_ribbit1
D:9:      layout_gridville
D:10:     layout_irregular_city, amcnicky_altar_gilded, minmay_misc_feat_roman,
          st_stairs_2, hangedman_tell_no_tales, uniq_harold, uniq_urug,
          uniq_sonja, uniq_erolcha, uniq_psyche
D:11:     layout_loops_ring, lair_entry_dummy, gauntlet_entry_generic,
          minmay_ruined_shrine
Temple:   eino_wide_crystal_templ

Skill      XL: |  1  2  3  4  5  6  7  8  9 10 11 |
---------------+----------------------------------+-----
Conjurations   | 2 3 4 5 6 8 9 10 | 10.6
Dodging        | 3 4 5 7 8 9 |  9.1
Stealth        | 3 4 5 6 8 9 |  9.1
Air Magic      | 5 6 7 9 10 11 | 11.3
Spellcasting   | 3 4 5 6 7 |  7.6
Fighting       | 3 |  3.8

Action                   |  1- 3 |  4- 6 |  7- 9 | 10-12 || total
-------------------------+-------+-------+-------+-------++-------
Melee: Dagger            |    26 |    45 |    41 |    21 ||   133
       Kick              |     3 |    13 |    12 |    14 ||    42
       Peck              |     3 |     6 |     9 |     7 ||    25
 Cast: Shock             |    67 |    83 |    94 |     5 ||   249
       Static Discharge  |       |     9 |    34 |    16 ||    59
       Airstrike         |       |       |    89 |   129 ||   218
  Use: Scroll            |       |     4 |       |     7 ||    11
       Potion            |       |       |     1 |       ||     1
 Stab: Sleeping          |       |     1 |       |     1 ||     2
       Distracted        |       |       |     1 |       ||     1
Armor: Robe              |     5 |     9 |     6 |    10 ||    30
Dodge: Dodged            |    12 |    32 |    33 |    54 ||   131
